 Dungeon Crawl Stone Soup version 0.19-a0-1886-gd64a0f0 (webtiles) character file.

3845 Amnesiac the Grappler (level 9, -9/72 HPs)
             Began as a Demonspawn Wanderer on Oct 16, 2016.
             Was an Elder of Okawaru.
             Killed from afar by a frost giant (49 damage)
             ... with a bolt of cold
             ... on level 9 of the Dungeon.
             The game lasted 00:18:01 (8931 turns).

Amnesiac the Grappler (Demonspawn Wanderer)         Turns: 8931, Time: 00:18:02

Health: -9/72      AC: 13    Str: 16    XL:     9   Next: 98%
Magic:  8/8        EV: 13    Int: 11    God:    Okawaru [****..]
Gold:   597        SH:  0    Dex: 15    Spells: 0 memorised, 8 levels left

rFire  + . .     SeeInvis .       - Unarmed
rCold  . . .     Gourm    .     a - +2 leather armour
rNeg   . . .     Faith    .     (no shield)
rPois  .         Spirit   .     (helmet restricted)
rElec  .         Dismiss  .     N - +2 cloak
rCorr  .         Reflect  .     (no gloves)
MR     .....     Harm     .     y - +0 pair of boots
Stlth  ++........               (no amulet)
                                I - ring of protection from fire
                                Q - ring of flight

@: no status effects
A: horns 2, talons 1, iridescent scales 2, foul stench 1, low mp 1, wild magic
1, rot immunity
a: Heroism, Renounce Religion, Evoke Flight


You were on level 9 of the Dungeon.
You worshipped Okawaru.
Okawaru was greatly pleased with you.
You were not hungry.

You visited 2 branches of the dungeon, and saw 10 of its levels.
You also visited: Sewer.

You collected 597 gold pieces.

Inventory:

Hand Weapons
 d - a +0 club
Missiles
 r - 8 needles of paralysis
Armour
 a - a +2 leather armour (worn)
 j - a +2 helmet
 y - a +0 pair of boots (worn)
 N - a +2 cloak (worn)
Jewellery
 I - a ring of protection from fire (right hand)
 L - an uncursed ring of fire
 M - an uncursed ring of ice
 Q - a ring of flight (left hand)
Wands
 g - a wand of iceblast (2/15)
Scrolls
 k - 17 scrolls of identify
 m - 2 scrolls of magic mapping
 n - 2 scrolls of fog
 t - 3 scrolls of remove curse
 u - 3 scrolls of enchant armour {unknown}
 v - a scroll of amnesia {unknown}
 w - 4 scrolls of fear {unknown}
 A - 3 scrolls of blinking {unknown}
 C - 2 scrolls of immolation {unknown}
 F - 2 scrolls of teleportation
 J - a scroll of vulnerability {unknown}
 O - a scroll of random uselessness {unknown}
 P - 3 scrolls of brand weapon {unknown}
Potions
 b - a potion of degeneration {unknown}
 c - 2 potions of berserk rage {unknown}
 e - 8 potions of haste {unknown}
 i - 2 potions of agility
 l - 2 potions of ambrosia {unknown}
 o - 4 potions of cure mutation {unknown}
 q - 4 potions of curing
 s - 2 potions of flight {unknown}
 x - a potion of might
 D - a potion of cancellation {unknown}
 E - 3 potions of brilliance {unknown}
 G - 2 potions of magic {unknown}
 H - 3 potions of heal wounds {unknown}
Books
 K - a book of Geomancy

   Spells                             Type                      Level
   a - Sandblast                      Earth                        1
   b - Passwall                       Transmutation/Earth          2
   c - Stone Arrow                    Conjuration/Earth            3
   d - Petrify                        Transmutation/Earth          4
   e - Lee's Rapid Deconstruction     Earth                        5
Comestibles
 f - 12 bread rations
 h - 2 beef jerkies
 p - 5 meat rations
 z - 2 slices of pizza
 B - 2 chunks of flesh


   Skills:
 + Level 7.2 Fighting
 - Level 1.0 Throwing
 - Level 1.7 Armour
 + Level 3.6 Dodging
 - Level 1.0 Stealth
 * Level 11.0 Unarmed Combat
 - Level 1.0 Evocations


You had 8 spell levels left.
You didn't know any spells.

Dungeon Overview and Level Annotations

Branches:
Dungeon (9/15)             Temple (1/1) D:4            Lair (0/6) D:8
    Orc: D:9-12

Altars:
Ashenzari
Cheibriados
Dithmenos
Elyvilon
Fedhas
Gozag
Hepliaklqana
Kikubaaqudgha
Makhleb
Nemelex Xobeh
Okawaru
Qazlal
Ru
Sif Muna
Trog
Uskayaw
Vehumet
Xom
Yredelemnul
Zin
The Shining One

Shops:
D:4 [


Innate Abilities, Weirdness & Mutations

You have sharp toenails.
You are mostly covered in iridescent scales. (AC +4)
You may emit foul miasma when damaged in melee.
You are immune to rotting.
You have a pair of horns on your head.
Your magical capacity is low. (-10% MP)
Your spells are a little harder to cast, but a little more powerful.


Message History

A yak comes into view.
You closely miss the hound. The hound bites you but does no damage.
The hippogriff screeches!
You punch the hound!
The hound is severely wounded.
The hound barely misses you.
The frost giant gestures at you while chanting.
The bolt of cold hits you! The hound misses you.
You punch the hound!
You kill the hound!
Okawaru accepts your kill.
The yak changes into an orb spider!
The leopard gecko completely misses you.
Found 2 curare-tipped needles.
The orb spider pulsates with a strange energy.
The leopard gecko barely misses you.
The frost giant gestures at you while chanting.
The bolt of cold hits you!
Ouch! That really hurt!
You die...

........## .....
.........##..s.#
..........#8..8#
................
................
#....†l....(.
#....HC#####
#+##.5.# #..@#
#..<# #...#
#...# #...#
#..(# #...#
+...+ #...#


You could see a frost giant, a hippogriff, a shadow imp and a leopard gecko.

Vanquished Creatures
  Pikel (D:8)
  Maurice (D:8)
  A komodo dragon (D:8)
  Sigmund (D:5)
  Menkaure (D:6)
  2 ice beasts
  2 sky beasts (D:5)
  4 slaves (D:8)
  An orc warrior (D:8)
  A phantom (D:6)
  3 ogres
  5 bullfrogs
  A gnoll sergeant (D:6)
  2 scorpions
  A howler monkey (D:5)
  A crimson imp (D:6)
  3 jellies
  4 hounds
  6 orc priests
  3 bullfrog skeletons
  A centaur skeleton (D:8)
  4 orc wizards
  Jessica (D:2)
  4 iguanas
  5 worker ants
  A howler monkey zombie (D:7)
  8 gnolls
  9 adders
  3 shadow imps
  2 oozes
  2 adder skeletons
  2 adder zombies
  2 worms
  11 dart slugs
  4 leopard geckos
  30 orcs
  6 ball pythons
  4 giant cockroaches
  8 goblins
  8 hobgoblins
  3 jackals (D:3)
  4 quokkas
  4 bats
  10 frilled lizards
  5 kobolds
  A leopard gecko zombie (D:5)
  15 rats
201 creatures vanquished.

Vanquished Creatures (others)
  A dart slug (D:4)
  A plant (D:8)
2 creatures vanquished.

Grand Total: 203 creatures vanquished

Notes
Turn   | Place    | Note
-------+----------+-------------------------------------------
     0 | D:1      | Amnesiac the Demonspawn Wanderer began the quest for the Orb.
     0 | D:1      | Amnesiac set off with: a +2 leather armour, a potion of lignification, a potion of curing, a +0 club, a bread ration
     0 | D:1      | Reached XP level 1. HP: 16/16 MP: 1/1
   568 | D:1      | Gained mutation: You are partially covered in iridescent scales. (AC +2) [demonic ancestry]
   568 | D:1      | Reached XP level 2. HP: 18/22 MP: 2/2
   602 | D:2      | Reached skill level 2 in Unarmed Combat
  1102 | D:3      | Reached skill level 3 in Unarmed Combat
  1102 | D:3      | Reached XP level 3. HP: 18/27 MP: 3/3
  1312 | D:4      | Noticed an ice beast
  1343 | D:4      | Found a staircase to the Ecumenical Temple.
  1355 | Temple   | Entered the Ecumenical Temple
  1420 | Temple   | Became a worshipper of Warmaster Okawaru
  1667 | D:2      | Noticed Jessica
  1679 | D:2      | Killed Jessica
  1679 | D:2      | Gained mutation: You have sharp toenails. [demonic ancestry]
  1679 | D:2      | Reached XP level 4. HP: 32/33 MP: 4/4
  1729 | D:2      | Reached skill level 4 in Unarmed Combat
  2588 | D:2      | Gained mutation: You are mostly covered in iridescent scales. (AC +4) [demonic ancestry]
  2588 | D:2      | Reached XP level 5. HP: 36/38 MP: 5/5
  2696 | D:3      | Reached skill level 5 in Unarmed Combat
  3028 | D:3      | Killed an ice beast
  3028 | D:3      | Reached skill level 6 in Unarmed Combat
  3028 | D:3      | Gained mutation: You are immune to rotting. [demonic ancestry]
  3028 | D:3      | Reached XP level 6. HP: 24/44 MP: 6/6
  3565 | D:4      | Reached * piety under Okawaru
  3821 | D:4      | Gained mutation: You may emit foul miasma when damaged in melee. [demonic ancestry]
  3821 | D:4      | Reached XP level 7. HP: 30/50 MP: 7/7
  3974 | D:4      | Found Vaotidawau's Antique Armour Shoppe.
  4378 | D:4      | Reached skill level 7 in Unarmed Combat
  4581 | D:5      | Entered Level 5 of the Dungeon
  5044 | D:5      | Reached XP level 8. HP: 60/60 MP: 8/8
  5077 | D:5      | Reached skill level 8 in Unarmed Combat
  5208 | D:5      | Noticed Sigmund
  5233 | D:5      | Killed Sigmund
  5233 | D:5      | Reached ** piety under Okawaru
  5288 | D:5      | Gained mutation: Your muscles are strong. (Str +2) [mutagenic meat]
  5291 | D:5      | Gained mutation: Your magical capacity is low. (-10% MP) [mutagenic meat]
  5294 | D:5      | Gained mutation: You have a pair of small horns on your head. [mutagenic meat]
  5297 | D:5      | Gained mutation: You evolve. [mutagenic meat]
  5300 | D:5      | Gained mutation: You have a pair of horns on your head. [mutagenic meat]
  5696 | D:6      | Reached skill level 9 in Unarmed Combat
  5699 | D:6      | Reached skill level 5 in Fighting
  5865 | D:6      | Found a sacrificial altar of Ru.
  5934 | D:6      | Noticed Menkaure
  5941 | D:6      | Killed Menkaure
  5943 | D:6      | Reached XP level 9. HP: 33/68 MP: 8/8
  6000 | D:6      | Reached *** piety under Okawaru
  6394 | D:6      | Found a glowing drain.
  6399 | Sewer    | Entered a sewer
  6677 | Sewer    | Lost mutation: Your muscles are strong. (Str +2) [evolution]
  7097 | D:7      | Reached skill level 10 in Unarmed Combat
  8153 | D:8      | Noticed Maurice
  8170 | D:8      | Killed Maurice
  8211 | D:8      | Noticed Pikel
  8230 | D:8      | Killed Pikel
  8230 | D:8      | Reached **** piety under Okawaru
  8640 | D:8      | Gained mutation: Your spells are a little harder to cast, but a little more powerful. [evolution]
  8640 | D:8      | Lost mutation: You evolve. [end of evolution]
  8662 | D:8      | Found a staircase to the Lair.
  8662 | D:8      | Noticed a komodo dragon
  8699 | D:8      | Killed a komodo dragon
  8846 | D:8      | Reached skill level 11 in Unarmed Combat
  8923 | D:9      | Noticed a frost giant
  8928 | D:9      | Noticed an orb spider
  8928 | D:9      | a yak changed into an orb spider
  8931 | D:9      | Killed from afar by a frost giant

Vault maps used:
D:1:      lemuel_arrival_lava_pool
D:2:      uniq_jessica
D:3:      first_bread
D:4:      kennysheep_slugbush, serial_shops, shop, minmay_misc_feat_pillars,
          minmay_misc_feat_tower
D:5:      uniq_sigmund
D:6:      portal_sewer_entry_e, kennysheep_pointless_box,
          minmay_misc_feat_ornament, nicolae_ru_the_path_less_chosen,
          uniq_menkaure
D:7:      kennysheep_nondescript
D:8:      david_lair_shrubbed, uniq_pikel, uniq_maurice
D:9:      serial_shops, shop, the_bakery, jmf_multi_god_temple
Temple:   compressed_dpeg_circular_temple
Sewer:    sewer_co_cracked_pipes

Skill      XL: |  1  2  3  4  5  6  7  8  9 |
---------------+----------------------------+-----
Unarmed Combat | 3 4 6 7 9 11 | 11.0
Fighting       | 3 5 7 |  7.2
Dodging        | 3 |  3.6
Throwing       | |  1.0
Armour         | |  1.7
Stealth        | |  1.0
Evocations     | |  1.0

Action                   |  1- 3 |  4- 6 |  7- 9 || total
-------------------------+-------+-------+-------++-------
Melee: Unarmed           |   127 |   283 |   463 ||   873
       Kick              |       |    70 |     8 ||    78
       Punch             |       |     1 |    23 ||    24
       Headbutt          |       |       |    70 ||    70
Invok: Heroism           |       |       |     3 ||     3
  Use: Potion            |     1 |     1 |       ||     2
       Scroll            |       |     1 |     5 ||     6
 Stab: Sleeping          |       |       |     7 ||     7
  Eat: Chunk             |     2 |     8 |    22 ||    32
Armor: Chain mail        |    77 |   181 |    12 ||   270
       Leather armour    |     1 |       |   156 ||   157
       Skin              |       |    11 |       ||    11
Dodge: Dodged            |    46 |   122 |   232 ||   400
